Workbook
Name _RAN1: "A1..J66"
Name access_fibre_length_Tier1: [1]Network_design_inputs!$E$263
Name access_fibre_length_Tier2: [1]Network_design_inputs!$E$262
Name access_fibre_length_Tier3: [1]Network_design_inputs!$E$261
Name access_repeater_per_BTS: [1]Network_design_inputs!$E$301
Name actualizar.seleccion: [2]L!$C$71
Name aire.acondicionado.capacidad.superficie: [2]Control!$F$123
Name aire.acondicionado.espacio.maniobra: [2]Control!$H$124
Name año: [2]L!$C$47:$C$56
Name año.activo: [2]Control!$F$55
Name area.espacio.overheads: [2]Dimensionado!$F$60
Name area.exterior.central.PH: [2]Dimensionado!$F$16
Name area.libre.CS: [2]Control!$F$144
Name area.sala.baterias: [2]Dimensionado!$F$55
Name area.sala.control: [2]Dimensionado!$F$28
Name area.sala.coubicacion.CS: [2]Dimensionado!$F$24
Name area.sala.coubicacion.externa.CS: [2]Dimensionado!$F$67
Name area.sala.emergencia: [2]Dimensionado!$F$49
Name area.sala.MDF.PH: [2]Dimensionado!$F$20
Name area.sala.subestacion.electrica: [2]Dimensionado!$F$40
Name area.sala.subestacion.electrica.CSs: [2]Dimensionado!$F$43
Name area.sala.subestacion.electrica.PH: [2]Dimensionado!$F$42
Name area.sala.switching: [2]Dimensionado!$F$32
Name area.sala.transmision: [2]Dimensionado!$F$36
Name area.salas.central.PH: [2]Dimensionado!$F$15
Name area.total.predio: [2]Dimensionado!$F$11
Name asignacion.aireacondicionado.CSs: [2]Precio!$K$30:$K$36
Name asignacion.coubicacion.CSs: [2]Precio!$H$30:$H$36
Name asignacion.fuente.energia.respaldo.CSs: [2]Precio!$J$30:$J$36
Name asignacion.subestacion.electrica.CSs: [2]Precio!$I$30:$I$36
Name asset_capex: [1]Asset_inputs!$L$4:$L$167
Name asset_capex_categories: [1]Asset_inputs!$Q$4:$Q$167
Name Asset_groups: [1]Lists!$T$6:$T$21
Name asset_lifetimes: [1]Asset_inputs!$H$4:$H$167
Name Asset_list: [1]Asset_inputs!$C$4:$C$167
Name asset_opex: [1]Asset_inputs!$P$4:$P$167
Name asset_planning_periods: [1]Asset_inputs!$I$4:$I$167
Name Asset_traffic_volumes: [1]Demand_Subs_Calc!$I$534:$BF$549
Name Asset_traffic_volumes_per_line_urban: [1]Demand_Subs_Calc!$I$591:$BF$606
Name Asset_traffic_volumes_rural: [1]Demand_Subs_Calc!$I$572:$BF$587
Name Asset_type: [1]Asset_inputs!$E$4:$E$167
Name Assets_Full_network_annual: [1]Full_network!$I$16:$BF$179
Name AWDM_amplifiers_per_element: [1]Network_design_inputs!$E$212
Name AWDM_wavelengths: [1]Network_design_inputs!$E$211
Name backup.minimo.baterias.rural: [2]Control!$F$133
Name backup.minimo.baterias.urbano: [2]Control!$F$132
Name backup.minimo.generador.diesel.rural: [2]Control!$F$136
Name backup.minimo.generador.diesel.urbano: [2]Control!$F$135
Name BHkbps_VoD_traffic_per_sub: [1]Network_design_inputs!$E$68
Name Billing.systems: '[1]Core Network_design'!$I$485:$BF$485
Name billion: 1000000000
Name billion: 1000000000
Name bit.conversion: 1024
Name bit.per.byte: 8
Name bits_per_byte: [1]Lists!$K$19
Name BRAS.Units: '[1]Core Network_design'!$I$356:$BF$356
Name bucles.central.PH: [2]Control!$F$47
Name bytes_per_SMS: [1]Network_design_inputs!$E$62
Name calculos.secundarios.dimension.racks: '[2]Caracteristicas tecnicas'!$E$111
Name calculos.secundarios.Sala_de_control: '[2]Caracteristicas tecnicas'!$D$7:$G$7

Sheet S 
C1: Guía de estilos en Excel
A3: Nota: Utilizar la opción 'Congelar los paneles' (para cada hoja de cálculo) para mantener la cabecera de la columna y de la fila a la vista cuando se navega por la hoja de cálculo
A4: Nota: Si una hoja de cálculo abarca más de una página, se sugiere repetir la primera fila de encabezados de columna en todas las páginas (Diseño de página_Repetir filas en extremo superior_Indique la referencia $1:$1, tal y como se hace en esta hoja de cálculo)
A6: Estilos de celda (datos de entrada o inputs)
A7: Utilizar estos estilos para identificar los datos de entrada (inputs) al modelo
A8: Nota: Estos estilos cambian prácticamente todo el formato de una celda (excepto los números y la alineación)
B10: Parámetro de entrada | C10: 100 | D10: Desbloqueada | E10: Un input (dato de entrada) que puede ser modificado por el usuario (siempre que quiera)
B12: Parámetro de entrada | C12: 250 | D12: Desbloqueada | E12: Se sugiere configurar el tipo de datos o los valores que los usuarios pueden escribir en una celda. La validación de datos se configura en el cuadro de diálogo 'Validación de datos'
B13: Minimum | C13: 100
B14: Maximum | C14: 300
B16: Parámetro de entrada | C16: 300 | D16: Desbloqueada | E16: Si un parámetro puede tomar sólo uno de entre un rango reducido de valores, para controlar el tipo de datos o los valores que los usuarios pueden entrar en una celda, se sugiere configurar la lista en el cuadro de diálogo Validación de Datos_Permitir_Lista, asegurándose de que esté activada la casilla Celda con lista desplegable
B17: Acceptable values | C17: 100
C18: 200
C19: 300
B21: Dato de entrada | C21: 100 | D21: Desbloqueada | E21: Estimado con base en datos reales, ya sean públicos o proporcionados por los operadores
B23: Estimación de valores de entrada | C23: 100 | D23: Desbloqueada | E23: Una estimación utilizada ante la falta de datos reales (cambiar únicamente si se dispone de una mejor estimación, o de datos)
B25: Cálculo de valores de entrada | C25: 100 | D25: Bloqueada | E25: Datos de entrada del modelo calculados a partir de otros datos de entrada (e.g. valores de entrada interpolados)
B27: Enlace (dentro del mismo libro) | C27: 100 | D27: Bloqueada | E27: Celda vinculada a una fuente ubicada en otra hoja de cálculo dentro del mismo libro
B29: Enlace (a otro libro) | C29: 100 | D29: Bloqueada | E29: Celda vinculada a una fuente ubicada en una hoja de cálculo en otro libro
B31: Parámetro anonimizado | C31: 100 | D31: Bloqueada | E31: Contiene un input anonimizado (más/menos 10%) para preservar la confidencialidad de los datos
A33: Otros estilos de celda
A34: Utilizar estos estilos para identificar el papel de otras celdas en el modelo
A35: Nota: Estos estilos cambian sólo el tipo de letra utilizada en una celda
B37: Cálculo | C37: 100 | D37: Bloqueada | E37: Un cálculo del modelo
B39: Total | C39: 123.45 | E39: Total (utilizar si no forma parte de un 'Sub-total de fila' o un 'Total de fila' en una tabla - ver más abajo)
B41: Suma de verificación | C41: 0 | D41: Bloqueada | E41: Cálculo secundario cuyo objetivo principal es verificar un resultado (al que por tanto no debería hacerse referencia en ninguna otra parte del modelo)
B43: Suma de verificación | C43: 0.1 | D43: Bloqueada | E43: Utilizar este formato condicional para resaltar los valores de error obtenidos a través de la suma de verificación (ej. valores diferentes a cero)
B45: Valor de salida | C45: 100 | E45: Un resultado clave de esta parte del modelo (en particular uno que será utilizado en otra parte del modelo)
B47: Nombre | C47: Nombre | D47: Bloqueada | E47: Un nombre en Excel aplicable a una o más celdas adjuntas (Insertar Nombre_Crear)
B49: Nota | C49: Nota | E49: Una nota (cuyo tamaño de texto es menor de lo normal)
B51: Resaltar una celda con un formato especial | C51: 100 | E51: Una celda que contiene valores especiales
B53: Eliminar el resaltado de una celda | C53: 100 | E53: Una celda que deja de contener valores especiales
A55: Formatos de número
A56: Utilizar estos estilos para formatear números (y fechas) de manera consistente
A57: Nota: Todos los formatos de número utilizan un símbolo de separador decimal y de agrupamiento de dígitos (separador de miles), ambos definidos en las Opciones Regionales en el cuadro de diálogo 'Propriedades de Control'. Si desea cambiar los formatos de número, no lo haga aquí, sino en Excel!
A58: Nota: Casi todos los formatos de número dejan espacio para un ')' a la derecha del número, pero sólo los formatos de moneda utilizan '(…)' para los números negativos
C60: Número | D60: Número (2pd) | E60: Porcentaje | F60: Porcentaje (2pd) | G60: Moneda | H60: Moneda (2pd) | I60: Coma | J60: Porcentaje
B61: Positivo | C61: 1234.56 | D61: 123.45 | E61: 0.1234 | F61: 0.1234 | G61: 1234.56 | H61: 123.45 | I61: 1234.56 | J61: 0.1234
B62: Negativo | C62: -1234.56 | D62: -123.45 | E62: -0.1234 | F62: -0.1234 | G62: -1234.56 | H62: -123.45 | I62: -1234.56 | J62: -0.1234
B63: Cero | C63: 0 | D63: 0 | E63: 0 | F63: 0 | G63: 0 | H63: 0 | I63: 0 | J63: 0
B64: Texto | C64: Texto | D64: Texto | E64: Texto | F64: Texto | G64: Texto | H64: Texto | I64: Texto | J64: Texto
C66: Moneda EUR | D66: Moneda EUR (2pd) | E66: Moneda Euro | F66: Moneda Euro (2pd)
B67: Positivo | C67: 1234.56 | D67: 123.45 | E67: 1234.56 | F67: 123.45
B68: Negativo | C68: -1234.56 | D68: -123.45 | E68: -1234.56 | F68: -123.45
B69: Cero | C69: 0 | D69: 0 | E69: 0 | F69: 0
B70: Texto | C70: Texto | D70: Texto | E70: Texto | F70: Texto
C72: Moneda USD | D72: Moneda USD (2pd) | E72: Moneda Dólar | F72: Modena Dólar (2pd)
B73: Positivo | C73: 1234.56 | D73: 123.45 | E73: 1234.56 | F73: 123.45
B74: Negativo | C74: -1234.56 | D74: -123.45 | E74: -1234.56 | F74: -123.45
B75: Cero | C75: 0 | D75: 0 | E75: 0 | F75: 0
B76: Texto | C76: Texto | D76: Texto | E76: Texto | F76: Texto
C78: Moneda GBP | D78: Moneda GBP (2dp) | E78: Moneda Libra Esterlina | F78: Moneda Libra Esterlina (2dp)
B79: Positivo | C79: 1234.56 | D79: 123.45 | E79: 1234.56 | F79: 123.45
B80: Negativo | C80: -1234.56 | D80: -123.45 | E80: -1234.56 | F80: -123.45
B81: Cero | C81: 0 | D81: 0 | E81: 0 | F81: 0
B82: Texto | C82: Texto | D82: Texto | E82: Texto | F82: Texto
C84: Fecha | D84: Fecha (mes) | E84: Fecha (año)
B85: Fecha | C85: 37591 | D85: 37591 | E85: 37591
A87: Estilos de títulos
A88: Utilizar estos estilos para formatear los títulos
A89: Nota: Estos estilos cambian sólo el tipo de letra utilizada en una celda
B91: H1 | C91: Título | E91: Nivel 1
B93: H2 | C93: Título | E93: Nivel 2
B95: H3 | C95: Título | E95: Nivel 3
B97: H4 | C97: Título | E97: Nivel 4
A99: Estilos de tablas
A100: Utilizar estos estilos para formatear las tablas de manera consistente
A101: Nota: Estos estilos cambian el formato de celda (según se desee en función del contexto)
A103: Una tabla simple
B104: Encabezado de la columna (texto alineado a la izquierda) | C104: Encabezado de la columna | D104: Encabezado de la columna | E104: Encabezado de la columna | F104: Encabezado de la columna
B105: Encabezado de la fila
B106: Encabezado de la fila
B107: Encabezado de la fila
B108: (Última fila)
A110: Ejemplo de una tabla más compleja
D111: Encabezado de la columa (sin ajustar el texto) | F111: Encabezado de la columna (sin ajustar el texto)
B112: Encabezado de la columna (texto alineado a la izquierda) | C112: Encabezado de la columna (no en negrita) | D112: Encabezado de la columna | E112: Encabezado de la columna | F112: Encabezado de la columna | G112: Encabezado de la columna
B113: Encabezado de la fila | D113: (tabla sin sombreado) | F113: (tabla con sombreado)
B114: Encabezado de la fila (sangría)
B115: Sub-total de fila
B116: Total de fila
A119: Ejemplos de uso
A120: Nota: Para evitar posibles confusiones y errores en esta plantilla, no se han creado los nombres falsos que se muestran a continuación
A122: Número de suscriptores (fin de año)
B123: Servicio | C123: Unidad | D123: Notas | E123: 2000 | F123: 2001 | G123: 2002 | H123: 2003 | I123: Suscriptores.Por servicio.Fin de año
B124: Dial-up | C124: Suscriptores | D124: Interpolación lineal | E124: 1000000 | F124: =E124+($H124-$E124)/3 -> 1000000 | G124: =F124+($H124-$E124)/3 -> 1000000 | H124: 1000000
B125: ADSL | C125: Suscriptores | D125: Interpolación lineal | E125: 100000 | F125: =E125+($H125-$E125)/3 -> 133333.33 | G125: =F125+($H125-$E125)/3 -> 166666.67 | H125: 200000
B126: Cable módem | C126: Suscriptores | D126: Interpolación lineal | E126: 50000 | F126: =E126+($H126-$E126)/3 -> 100000 | G126: =F126+($H126-$E126)/3 -> 150000 | H126: 200000
B127: Total | C127: Suscriptores | E127: =SUM(E124:E126) -> 1150000 | F127: =SUM(F124:F126) -> 1233333.3 | G127: =SUM(G124:G126) -> 1316666.7 | H127: =SUM(H124:H126) -> 1400000
A129: Número de suscriptores (fin de año)
B130: Servicio | C130: Unidad | D130: Notas | E130: 2000 | F130: 2001 | G130: 2002 | H130: 2003
B131: Dial-up | C131: Suscriptores | D131: Datos tomados de la tabla anterior | E131: {=$E$124:$H$126} -> 1000000 | F131: 1000000 | G131: 1000000 | H131: 1000000
B132: ADSL | C132: Suscriptores | D132: Datos tomados de la tabla anterior | E132: 100000 | F132: 133333.33 | G132: 166666.67 | H132: 200000
B133: Cable módem | C133: Suscriptores | D133: Datos tomados del fichero Cable_modem.xls | E133: 50000 | F133: 100000 | G133: 150000 | H133: 200000
B134: Total | C134: Suscriptores | E134: =SUM(E131:E133) -> 1150000 | F134: =SUM(F131:F133) -> 1233333.3 | G134: =SUM(G131:G133) -> 1316666.7 | H134: =SUM(H131:H133) -> 1400000
A137: Número de suscriptores (promedio simple)
B138: Servicio | C138: Unidad | D138: Notas | E138: 2000 | F138: 2001 | G138: 2002 | H138: 2003
B139: Dial-up | C139: Suscriptores | F139: =(F131+E131)/2 -> 1000000 | G139: =(G131+F131)/2 -> 1000000 | H139: =(H131+G131)/2 -> 1000000
B140: ADSL | C140: Suscriptores | F140: =(F132+E132)/2 -> 116666.67 | G140: =(G132+F132)/2 -> 150000 | H140: =(H132+G132)/2 -> 183333.33
B141: Cable módem | C141: Suscriptores | F141: =(F133+E133)/2 -> 75000 | G141: =(G133+F133)/2 -> 125000 | H141: =(H133+G133)/2 -> 175000
...

Sheet Resultados
D1: Resultados
B4: Precios de los enlaces de transmisión de interconexión gestionados entre coubicaciones
E6: AÑO | F6: 2027 | J6: AÑO | K6: 2028 | P6: AÑO | Q6: 2029
B7: Costos instalación | H7: Costos instalación | M7: Costos instalación
B8: Totales | F8: ='Modelo ITX cruzada'!G6 -> 235598.91 | H8: Totales | K8: ='Modelo ITX cruzada'!H6 -> 232413.62 | M8: Totales | Q8: ='Modelo ITX cruzada'!I6 -> 229271.38
B9: ="Por operador ("&numero.de.operadores&" operadores)" -> Por operador (2 operadores) | F9: ='Modelo ITX cruzada'!G7 -> 117799.46 | H9: ="Por operador ("&numero.de.operadores&" operadores)" -> Por operador (2 operadores) | K9: ='Modelo ITX cruzada'!H7 -> 116206.81 | M9: ="Por operador ("&numero.de.operadores&" operadores)" -> Por operador (2 operadores) | Q9: ='Modelo ITX cruzada'!I7 -> 114635.69
B10: Despliegue fibra por ML | F10: ='Modelo ITX cruzada'!G8 -> 45.19233 | H10: Despliegue fibra por ML | K10: ='Modelo ITX cruzada'!H8 -> 44.581329 | M10: Despliegue fibra por ML | Q10: ='Modelo ITX cruzada'!I8 -> 43.97859
B11: Construcción de escalerilla por ML | F11: ='Modelo ITX cruzada'!G9 -> 421.79508 | H11: Construcción de escalerilla por ML | K11: ='Modelo ITX cruzada'!H9 -> 416.09241 | M11: Construcción de escalerilla por ML | Q11: ='Modelo ITX cruzada'!I9 -> 410.46684
B13: Costos mantenimiento mensuales | H13: Costos mantenimiento mensuales | M13: Costos mantenimiento mensuales
B14: Totales | F14: ='Modelo ITX cruzada'!G13 -> 2729.9507 | H14: Totales | K14: ='Modelo ITX cruzada'!H13 -> 2834.7808 | M14: Totales | Q14: ='Modelo ITX cruzada'!I13 -> 2943.6364
B15: ="Por operador ("&numero.de.operadores&" operadores)" -> Por operador (2 operadores) | F15: ='Modelo ITX cruzada'!G14 -> 1364.9754 | H15: ="Por operador ("&numero.de.operadores&" operadores)" -> Por operador (2 operadores) | K15: ='Modelo ITX cruzada'!H14 -> 1417.3904 | M15: ="Por operador ("&numero.de.operadores&" operadores)" -> Por operador (2 operadores) | Q15: ='Modelo ITX cruzada'!I14 -> 1471.8182
B16: Fibra y escalerilla por ML | F16: ='Modelo ITX cruzada'!G15+'Modelo ITX cruzada'!G16 -> 14.543953 | H16: Fibra y escalerilla por ML | K16: ='Modelo ITX cruzada'!H15+'Modelo ITX cruzada'!H16 -> 15.102441 | M16: Fibra y escalerilla por ML | Q16: ='Modelo ITX cruzada'!I15+'Modelo ITX cruzada'!I16 -> 15.682375

Sheet Modelo ITX cruzada
C1: Interconexión cruzada
B3: Resultados del modelo
B5: Costos instalación | E5: 2025 | F5: =E5+1 -> 2026 | G5: =F5+1 -> 2027 | H5: =G5+1 -> 2028 | I5: =H5+1 -> 2029 | L5: 2025 | M5: =L5+1 -> 2026 | N5: =M5+1 -> 2027 | O5: =N5+1 -> 2028 | P5: =O5+1 -> 2029
B6: Totales | E6: 304707.08 | F6: =E6 -> 304707.08 | G6: {=N6:N9*$E$39*$G$41} -> 235598.91 | H6: {=O6:O9*$E$39*$H$41} -> 232413.62 | I6: {=P6:P9*$E$39*$I$41} -> 229271.38 | J6: MXN nominales | L6: 13409.131 | M6: =L6 -> 13409.131 | N6: =G56 -> 12101.74 | O6: =H56 -> 11496.653 | P6: =I56 -> 10921.821 | Q6: USD Reales de 2025
B7: ="Por operador ("&numero.de.operadores&" operadores)" -> Por operador (2 operadores) | E7: 152353.54 | F7: =E7 -> 152353.54 | G7: {=N7:N10*$E$39*$G$41} -> 117799.46 | H7: 116206.81 | I7: {=P7:P10*$E$39*$I$41} -> 114635.69 | J7: MXN nominales | L7: 6704.5653 | M7: =L7 -> 6704.5653 | N7: =G57 -> 6050.8702 | O7: =H57 -> 5748.3267 | P7: =I57 -> 5460.9104 | Q7: USD Reales de 2025
B8: Despliegue fibra por ML | E8: 58.448585 | F8: =E8 -> 58.448585 | G8: {=N8:N11*$E$39*$G$41} -> 45.19233 | H8: 44.581329 | I8: {=P8:P11*$E$39*$I$41} -> 43.97859 | J8: MXN nominales | L8: 2.572125 | M8: =L8 -> 2.572125 | N8: =G58 -> 2.3213428 | O8: =H58 -> 2.2052757 | P8: =I58 -> 2.0950119 | Q8: USD Reales de 2025
B9: Construcción de escalerilla por ML | E9: 545.52012 | F9: =E9 -> 545.52012 | G9: {=N9:N12*$E$39*$G$41} -> 421.79508 | H9: 416.09241 | I9: {=P9:P12*$E$39*$I$41} -> 410.46684 | J9: MXN nominales | L9: 24.0065 | M9: =L9 -> 24.0065 | N9: =G59 -> 21.665866 | O9: =H59 -> 20.582573 | P9: =I59 -> 19.553444 | Q9: USD Reales de 2025
E10: Nota: Precio de construcción de escalerilla por ML ya definido en la Oferta de Referencia de Desagregación
B12: Costos mantenimiento mensuales | E12: 2025 | F12: =E12+1 -> 2026 | G12: =F12+1 -> 2027 | H12: =G12+1 -> 2028 | I12: =H12+1 -> 2029 | L12: 2025 | M12: =L12+1 -> 2026 | N12: =M12+1 -> 2027 | O12: =N12+1 -> 2028 | P12: =O12+1 -> 2029
B13: Totales | E13: 3186.4807 | F13: =E13 -> 3186.4807 | G13: {=N13:N16*$E$39*$G$41} -> 2729.9507 | H13: {=O13:O16*$E$39*$H$41} -> 2834.7808 | I13: {=P13:P16*$E$39*$I$41} -> 2943.6364 | J13: MXN nominales | L13: 140.22626 | M13: =L13 -> 140.22626 | N13: =G72 -> 140.22626 | O13: =H72 -> 140.22626 | P13: =I72 -> 140.22626 | Q13: USD Reales de 2025
B14: ="Por operador ("&numero.de.operadores&" operadores)" -> Por operador (2 operadores) | E14: 1593.2403 | F14: =E14 -> 1593.2403 | G14: {=N14:N17*$E$39*$G$41} -> 1364.9754 | H14: {=O14:O17*$E$39*$H$41} -> 1417.3904 | I14: {=P14:P17*$E$39*$I$41} -> 1471.8182 | J14: MXN nominales | L14: 70.113131 | M14: =L14 -> 70.113131 | N14: =G73 -> 70.113131 | O14: =H73 -> 70.113131 | P14: =I73 -> 70.113131 | Q14: USD Reales de 2025
B15: Fibra por ML | E15: 0.15372408 | F15: =E15 -> 0.15372408 | G15: {=N15:N18*$E$39*$G$41} -> 0.1316999 | H15: {=O15:O18*$E$39*$H$41} -> 0.13675717 | I15: {=P15:P18*$E$39*$I$41} -> 0.14200865 | J15: MXN nominales | L15: 0.0067648783 | M15: =L15 -> 0.0067648783 | N15: =G74 -> 0.0067648783 | O15: =H74 -> 0.0067648783 | P15: =I74 -> 0.0067648783 | Q15: USD Reales de 2025
B16: Escalerilla por ML | E16: 16.822416 | F16: =E16 -> 16.822416 | G16: {=N16:N19*$E$39*$G$41} -> 14.412253 | H16: {=O16:O19*$E$39*$H$41} -> 14.965684 | I16: {=P16:P19*$E$39*$I$41} -> 15.540366 | J16: MXN nominales | L16: 0.74029776 | M16: =L16 -> 0.74029776 | N16: =G75 -> 0.74029776 | O16: =H75 -> 0.74029776 | P16: =I75 -> 0.74029776 | Q16: USD Reales de 2025
E17: Nota: Precio mensual de mantenimiento de escalerilla por ML ya definido en la Oferta de Referencia de Desagregación
B19: Escenario
B22: Equipo de transporte (Switch) | E22: 1
B23: DFO pequeño | E23: 1
B24: Demarcador (switch) | E24: =numero.de.operadores -> 2
B25: Jumper óptico | E25: =numero.de.operadores -> 2
B26: Cable óptico
B27: Escalerilla
B29: Número de operadores | E29: 2 | F29: numero.de.operadores
B30: Número de interconexiones posibles | E30: =$E$29*($E$29-1)/2 -> 1 | F30: numero.de.interconexiones | J30: 1Gbps | K30: 10Gbps
B31: Velocidad switch | E31: 1Gbps | F31: =INDEX(J31:K31,MATCH(E31,J30:K30,0)) -> 1 | I31: Multiplicador de precio | J31: 1 | K31: 2.5
B32: CCPP nominal antes de impuestos | E32: 0.10000505 | F32: wacc | G32: 6.41% real antes de impuestos
B33: Incluir anualización | E33: Sí | F33: Sí | G33: No
B36: Parámetros del modelo
E38: 2025 | F38: =E38+1 -> 2026 | G38: =F38+1 -> 2027 | H38: =G38+1 -> 2028 | I38: =H38+1 -> 2029
B39: Tipo de cambio MXN:USD | E39: 17.9667 | J39: tasa.cambio.mxn.usd
B40: Inflación México | E40: 0.0369 | F40: 0.0435 | G40: 0.0384 | H40: 0.0384 | I40: 0.0384
B41: Inflación acumulada | E41: 1 | F41: =E41*(1+F40) -> 1.0435 | G41: =F41*(1+G40) -> 1.0835704 | H41: =G41*(1+H40) -> 1.1251795 | I41: =H41*(1+I40) -> 1.1683864
B43: Modelo de interconexión cruzada
B45: Capex
C47: Capex unitario (2025) | E47: 2025 | F47: =E47+1 -> 2026 | G47: =F47+1 -> 2027 | H47: =G47+1 -> 2028 | I47: =H47+1 -> 2029
B49: {=B22:B27} -> Equipo de transporte (Switch) | C49: ='Costos asociados'!D9 -> 6087.3625 | E49: =C49 -> 6087.3625 | F49: =E49*(1+tendencia.equipamiento) -> 5782.9944 | G49: =F49*(1+tendencia.equipamiento) -> 5493.8447 | H49: =G49*(1+tendencia.equipamiento) -> 5219.1524 | I49: =H49*(1+tendencia.equipamiento) -> 4958.1948
B50: DFO pequeño | C50: ='Costos asociados'!D10 -> 300.93862 | E50: =C50 -> 300.93862 | F50: =E50*(1+tendencia.equipamiento) -> 285.89169 | G50: =F50*(1+tendencia.equipamiento) -> 271.59711 | H50: =G50*(1+tendencia.equipamiento) -> 258.01725 | I50: =H50*(1+tendencia.equipamiento) -> 245.11639
B51: Demarcador (switch) | C51: ='Costos asociados'!D11 -> 2143.4375 | E51: =C51 -> 2143.4375 | F51: =E51*(1+tendencia.equipamiento) -> 2036.2656 | G51: =F51*(1+tendencia.equipamiento) -> 1934.4523 | H51: =G51*(1+tendencia.equipamiento) -> 1837.7297 | I51: =H51*(1+tendencia.equipamiento) -> 1745.8432
B52: Jumper óptico | C52: ='Costos asociados'!D12 -> 32.58025 | E52: =C52 -> 32.58025 | F52: =E52*(1+tendencia.equipamiento) -> 30.951237 | G52: =F52*(1+tendencia.equipamiento) -> 29.403676 | H52: =G52*(1+tendencia.equipamiento) -> 27.933492 | I52: =H52*(1+tendencia.equipamiento) -> 26.536817
B53: Cable óptico | C53: ='Costos asociados'!D13 -> 2.572125 | E53: =C53 -> 2.572125 | F53: =E53*(1+tendencia.equipamiento) -> 2.4435187 | G53: =F53*(1+tendencia.equipamiento) -> 2.3213428 | H53: =G53*(1+tendencia.equipamiento) -> 2.2052757 | I53: =H53*(1+tendencia.equipamiento) -> 2.0950119
B54: Escalerilla | C54: ='Costos asociados'!D14 -> 24.0065 | E54: =C54 -> 24.0065 | F54: =E54*(1+tendencia.equipamiento) -> 22.806175 | G54: =F54*(1+tendencia.equipamiento) -> 21.665866 | H54: =G54*(1+tendencia.equipamiento) -> 20.582573 | I54: =H54*(1+tendencia.equipamiento) -> 19.553444
B56: Costos comunes | C56: {=SUM(C49:C52*'Costos asociados'!$C$9:$C$12*(1+'Costos asociados'!$E$9:$E$12))} -> 13409.131 | E56: {=SUM(E49:E52*'Costos asociados'!$C$9:$C$12*(1+'Costos asociados'!$E$9:$E$12))} -> 13409.131 | F56: {=SUM(F49:F52*'Costos asociados'!$C$9:$C$12*(1+'Costos asociados'!$E$9:$E$12))} -> 12738.674 | G56: {=SUM(G49:G52*'Costos asociados'!$C$9:$C$12*(1+'Costos asociados'!$E$9:$E$12))} -> 12101.74 | H56: {=SUM(H49:H52*'Costos asociados'!$C$9:$C$12*(1+'Costos asociados'!$E$9:$E$12))} -> 11496.653 | I56: {=SUM(I49:I52*'Costos asociados'!$C$9:$C$12*(1+'Costos asociados'!$E$9:$E$12))} -> 10921.821
B57: Costos comunes por operador | C57: =C56/numero.de.operadores -> 6704.5653 | E57: =E56/numero.de.operadores -> 6704.5653 | F57: =F56/numero.de.operadores -> 6369.3371 | G57: =G56/numero.de.operadores -> 6050.8702 | H57: =H56/numero.de.operadores -> 5748.3267 | I57: =I56/numero.de.operadores -> 5460.9104
B58: Costos despliegue fibra por ML | C58: =C53 -> 2.572125 | E58: =E53 -> 2.572125 | F58: =F53 -> 2.4435187 | G58: =G53 -> 2.3213428 | H58: =H53 -> 2.2052757 | I58: =I53 -> 2.0950119
B59: Costos construcción de escalerilla por ML | C59: =C54 -> 24.0065 | E59: =E54 -> 24.0065 | F59: =F54 -> 22.806175 | G59: =G54 -> 21.665866 | H59: =H54 -> 20.582573 | I59: =I54 -> 19.553444
B61: Opex
C63: Opex mensual (2025) | E63: 2025 | F63: =E63+1 -> 2026 | G63: =F63+1 -> 2027 | H63: =G63+1 -> 2028 | I63: =H63+1 -> 2029
B65: {=B22:B27} -> Equipo de transporte (Switch) | C65: =INDEX('Costos asociados'!$D$24:$D$29,MATCH(B65,'Costos asociados'!$B$24:$B$29,0),) -> 77.312895 | E65: =C65 -> 77.312895 | F65: =E65*(1+tendencia.opex) -> 77.312895 | G65: =F65*(1+tendencia.opex) -> 77.312895 | H65: =G65*(1+tendencia.opex) -> 77.312895 | I65: =H65*(1+tendencia.opex) -> 77.312895
B66: DFO pequeño | C66: =INDEX('Costos asociados'!$D$24:$D$29,MATCH(B66,'Costos asociados'!$B$24:$B$29,0),) -> 4.058927 | E66: =C66 -> 4.058927 | F66: =E66*(1+tendencia.opex) -> 4.058927 | G66: =F66*(1+tendencia.opex) -> 4.058927 | H66: =G66*(1+tendencia.opex) -> 4.058927 | I66: =H66*(1+tendencia.opex) -> 4.058927
B67: Demarcador (switch) | C67: =INDEX('Costos asociados'!$D$24:$D$29,MATCH(B67,'Costos asociados'!$B$24:$B$29,0),) -> 57.984671 | E67: =C67 -> 57.984671 | F67: =E67*(1+tendencia.opex) -> 57.984671 | G67: =F67*(1+tendencia.opex) -> 57.984671 | H67: =G67*(1+tendencia.opex) -> 57.984671 | I67: =H67*(1+tendencia.opex) -> 57.984671
B68: Jumper óptico | C68: =INDEX('Costos asociados'!$D$24:$D$29,MATCH(B68,'Costos asociados'!$B$24:$B$29,0),) -> 0.86977006 | E68: =C68 -> 0.86977006 | F68: =E68*(1+tendencia.opex) -> 0.86977006 | G68: =F68*(1+tendencia.opex) -> 0.86977006 | H68: =G68*(1+tendencia.opex) -> 0.86977006 | I68: =H68*(1+tendencia.opex) -> 0.86977006
B69: Cable óptico | C69: =INDEX('Costos asociados'!$D$24:$D$29,MATCH(B69,'Costos asociados'!$B$24:$B$29,0),) -> 0.0067648783 | E69: =C69 -> 0.0067648783 | F69: =E69*(1+tendencia.opex) -> 0.0067648783 | G69: =F69*(1+tendencia.opex) -> 0.0067648783 | H69: =G69*(1+tendencia.opex) -> 0.0067648783 | I69: =H69*(1+tendencia.opex) -> 0.0067648783
B70: Escalerilla | C70: =INDEX('Costos asociados'!$D$24:$D$29,MATCH(B70,'Costos asociados'!$B$24:$B$29,0),) -> 0.74029776 | E70: =C70 -> 0.74029776 | F70: =E70*(1+tendencia.opex) -> 0.74029776 | G70: =F70*(1+tendencia.opex) -> 0.74029776 | H70: =G70*(1+tendencia.opex) -> 0.74029776 | I70: =H70*(1+tendencia.opex) -> 0.74029776
B72: Costos comunes mensuales | C72: =SUM(C65:C68) -> 140.22626 | E72: =SUM(E65:E68) -> 140.22626 | F72: =SUM(F65:F68) -> 140.22626 | G72: =SUM(G65:G68) -> 140.22626 | H72: =SUM(H65:H68) -> 140.22626 | I72: =SUM(I65:I68) -> 140.22626
B73: Costos comunes por operador | C73: =C72/numero.de.operadores -> 70.113131 | E73: =E72/numero.de.operadores -> 70.113131 | F73: =F72/numero.de.operadores -> 70.113131 | G73: =G72/numero.de.operadores -> 70.113131 | H73: =H72/numero.de.operadores -> 70.113131 | I73: =I72/numero.de.operadores -> 70.113131
B74: Costos mensual fibra por ML | C74: =C69 -> 0.0067648783 | E74: =E69 -> 0.0067648783 | F74: =F69 -> 0.0067648783 | G74: =G69 -> 0.0067648783 | H74: =H69 -> 0.0067648783 | I74: =I69 -> 0.0067648783
B75: Costos mensual escalerilla por ML | C75: =C70 -> 0.74029776 | E75: =E70 -> 0.74029776 | F75: =F70 -> 0.74029776 | G75: =G70 -> 0.74029776 | H75: =H70 -> 0.74029776 | I75: =I70 -> 0.74029776

Sheet Costos asociados
C1: Costos
B4: Modelo de interconexión cruzada
B6: Capex
C8: Unidades | D8: Capex (USD) Reales 2025 | E8: Instalación | F8: Capex total (USD) Reales 2025 | G8: Vida útil | H8: Anualización | I8: Fuente
B9: {='Modelo ITX cruzada'!B49:B54} -> Equipo de transporte (Switch) | C9: ='Modelo ITX cruzada'!E22 -> 1 | D9: 6087.3625 | E9: 0.25 | F9: {=C9:C12*D9:D12} -> 6087.3625 | G9: 7 | H9: =+(F9*wacc)/(1-(1+wacc)^-(G9)) -> 1250.3985 | I9: Estimación CRT. Fibre NG SDH switch de 16 puertos. Actualización de costos a 2025 con promedio de con estimaciones de modelo 2025 y estimaciones con inflación acumulada.
B10: DFO pequeño | C10: ='Modelo ITX cruzada'!E23 -> 1 | D10: 300.93862 | E10: 0.25 | F10: 300.93862 | G10: 7 | H10: =+(F10*wacc)/(1-(1+wacc)^-(G10)) -> 61.815477 | I10: Estimación CRT. Distribuidor óptico de 6 pares de fibra o 12 conectores simplex, estimado a USD70 por par de fibra. Actualización a 2025 con promedio de con estimaciones de modelo 2025 y estimaciones con inflación acumulada.
B11: Demarcador (switch) | C11: ='Modelo ITX cruzada'!E24 -> 2 | D11: 2143.4375 | E11: 0.25 | F11: 4286.875 | G11: 7 | H11: =+(F11*wacc)/(1-(1+wacc)^-(G11)) -> 880.56234 | I11: Estimación CRT. Fibre NG SDH switch de 6 puertos. Actualización a 2025 con promedio de con estimaciones de modelo 2025 y estimaciones con inflación acumulada.
B12: Jumper óptico | C12: ='Modelo ITX cruzada'!E25 -> 2 | D12: 32.58025 | E12: 0 | F12: 65.1605 | G12: 7 | H12: =+(F12*wacc)/(1-(1+wacc)^-(G12)) -> 13.384548 | I12: Estimación CRT. Jumper óptico multimodo duplex 2mm con conectores, de 10m de longitud. Actualización a 2025 con promedio de con estimaciones de modelo 2025 y estimaciones con inflación acumulada.
B13: Cable óptico | D13: 2.572125 | G13: 25 | H13: =+(D13*wacc)/(1-(1+wacc)^-(G13)) -> 0.28337706 | I13: Estimación CRT. Cable de 12 fibras.Actualización a 2025 con promedio de con estimaciones de modelo 2025 y estimaciones con inflación acumulada.
B14: Escalerilla | D14: 24.0065 | I14: Estimación CRT. Actualización a 2025 con promedio de con estimaciones de modelo 2025 y estimaciones con inflación acumulada.
B16: Costos comunes | C16: =SUM(F9:F12) -> 10740.337 | D16: USD Reales de 2025
B17: Costos comunes por operador | C17: =C16/numero.de.operadores -> 5370.1683 | D17: USD Reales de 2025
B18: Costos despliegue fibra por ML | C18: =D13 -> 2.572125 | D18: USD Reales de 2025
B19: Costos construcción de escalerilla por ML | C19: =D14 -> 24.0065 | D19: USD Reales de 2025
B21: Opex
C23: Unidades | D23: Opex mensual (USD) reales de 2025 | E23: Fuente
B24: {='Modelo ITX cruzada'!B65:B70} -> Equipo de transporte (Switch) | C24: {=C9:C12} -> 1 | D24: 77.312895 | E24: Estimación CRT. Actualización de costos a 2025 conforme a modelo 2025.
B25: DFO pequeño | C25: 1 | D25: 4.058927 | E25: Estimación CRT. Actualización de costos a 2025 conforme a modelo 2025.
B26: Demarcador (switch) | C26: 2 | D26: 57.984671 | E26: Estimación CRT. Actualización de costos a 2025 conforme a modelo 2025.
B27: Jumper óptico | C27: 2 | D27: 0.86977006 | E27: Estimación CRT. Actualización de costos a 2025 conforme a modelo 2025.
B28: Cable óptico | D28: 0.0067648783 | E28: Estimación CRT. Actualización de costos a 2025 conforme a modelo 2025.
B29: Escalerilla | D29: 0.74029776 | E29: Estimación CRT. Actualización de costos a 2025 conforme a modelo 2025.
B31: Costos comunes mensuales | C31: =SUM(D24:D27) -> 140.22626 | D31: USD/mes
B32: Costos comunes por operador | C32: =C31/numero.de.operadores -> 70.113131 | D32: USD/mes
B33: Costos mensual fibra por ML | C33: =D28 -> 0.0067648783 | D33: USD/mes
B34: Costos mensual escalerilla por ML | C34: =D29 -> 0.74029776 | D34: USD/mes
B37: Tendencia de costes reales
B39: Tendencia de costo de equipamiento | D39: -0.05 | E39: tendencia.equipamiento
B40: Tendencia de costo de opex | D40: 0 | E40: tendencia.opex
